 Dungeon Crawl Stone Soup version 0.19-a0-559-ga3d69d0 (webtiles) character file.

383 wvc the Basher (level 6, -15/62 HPs)
             Began as an Ogre Wanderer on June 8, 2016.
             Was an Initiate of Qazlal.
             Demolished by an ogre
             ... wielding a +0 giant club
              (27 damage)
             ... on level 5 of the Dungeon.
             The game lasted 00:06:16 (3276 turns).

wvc the Basher (Ogre Wanderer)                      Turns: 3276, Time: 00:06:17

Health: -15/62     AC:  4    Str: 17    XL:     6   Next: 76%
Magic:  6/6        EV:  9    Int: 12    God:    Qazlal [......]
Gold:   166        SH:  0    Dex: 11    Spells: 0 memorised, 5 levels left

rFire  . . .     SeeInvis +     A - +1 flail
rCold  . . .     Gourm    .     c - +0 robe
rNeg   . . .     Faith    .     (no shield)
rPois  .         Spirit   .     (helmet restricted)
rElec  .         Dismiss  +     i - +0 cloak
rCorr  .         Reflect  .     (gloves unavailable)
SustAt .         Harm     .     (boots unavailable)
MR     .....                    u - amulet of dismissal
Stlth  ++........               g - ring of see invisible
                                p - ring of stealth

@: hasted, very quick, not resistant to hostile enchantments, unstealthy
A: unfitting armour, tough skin 1
a: Renounce Religion


You were on level 5 of the Dungeon.
You worshipped Qazlal.
Qazlal was noncommittal.
You were not hungry.

You visited 1 branch of the dungeon, and saw 5 of its levels.

You collected 166 gold pieces.

Inventory:

Hand Weapons
 a - a +2 shortbow
 t - a +0 mace
 A - a +1 flail (weapon)
Missiles
 b - 41 arrows
 n - 2 poisoned javelins
 s - a javelin of penetration (quivered)
Armour
 c - a +0 robe (worn)
 i - a +0 cloak (worn)
 k - a +0 shield
Jewellery
 g - a ring of see invisible (right hand)
 p - a ring of stealth (left hand)
 u - an amulet of dismissal (around neck)
Wands
 h - a wand of random effects (32/48)
Scrolls
 e - a scroll of identify
 l - 3 scrolls of remove curse {unknown}
 m - a scroll of recharging {unknown}
 y - a scroll of fog {unknown}
Potions
 d - 3 potions of curing
 o - a potion of flight
 v - a potion of resistance {unknown}
 x - a potion of brilliance {unknown}
 z - a potion of degeneration {unknown}
Comestibles
 f - 3 bread rations
 r - 2 meat rations


   Skills:
 - Level 4.0 Fighting
   Level 1.3(3.4) Axes
 + Level 8.6(8.8) Maces & Flails
 - Level 1.3 Bows
 - Level 2.0 Throwing
 - Level 1.0 Dodging


You had 5 spell levels left.
You didn't know any spells.

Dungeon Overview and Level Annotations

Branches:
Dungeon (5/15)
 Temple: D:4-7

Altars:
Makhleb
Nemelex Xobeh
Pakellas
Qazlal
Vehumet
Yredelemnul
Zin

Annotations:
D:4 tyrsky's ghost, weakling TeAE


Innate Abilities, Weirdness & Mutations

You are too large for most types of armour.
You have tough skin. (AC +1)


Message History

The javelin of penetration pierces through the ogre.
The ogre shouts!
The ogre is lightly wounded.
Throwing (i - inventory. (,) - cycle):
s - 3 javelins of penetration (quivered)
Press: ? - help, Shift-Dir - straight line, f/p - ogre
Aim: an ogre, wielding a giant club (lightly wounded)
You throw a javelin of penetration.
The javelin of penetration pierces through the ogre.
The ogre is moderately wounded.
You feel sick.
Throwing (i - inventory. (,) - cycle):
s - 2 javelins of penetration (quivered)
Press: ? - help, Shift-Dir - straight line, f/p - ogre
Aim: an ogre, wielding a giant club (moderately wounded)
You throw a javelin of penetration.
The javelin of penetration pierces through the ogre!
The ogre is heavily wounded.
You feel better.
It was a potion of haste.
You feel yourself speed up. The ogre hits you with a giant club!!
You die...

###
#@#
#O#
#.#
#.#
#.#
#.#
#.#
#(#


You could see an ogre.

Vanquished Creatures
  Sigmund (D:2)
  An orc wizard (D:4)
  A hound (D:4)
  Terence (D:2)
  A worker ant (D:4)
  5 adders
  An ooze (D:2)
  A giant gecko (D:1)
  2 orcs (D:4)
  A ball python (D:1)
  2 giant cockroaches
  2 goblins
  8 hobgoblins
  10 jackals
  A kobold (D:3)
  A quokka (D:2)
  5 bats
  2 giant newts
  5 rats
51 creatures vanquished.

Vanquished Creatures (others)
  A wolf spider (D:2)
  An orc (D:4)
2 creatures vanquished.

Grand Total: 53 creatures vanquished

Notes
Turn   | Place    | Note
--------------------------------------------------------------
     0 | D:1      | wvc the Ogre Wanderer began the quest for the Orb.
     0 | D:1      | wvc set off with: a +2 shortbow, 23 arrows, a +0 robe, a potion of curing, a bread ration
     0 | D:1      | Reached XP level 1. HP: 24/24 MP: 1/1
   100 | D:1      | Reached skill level 1 in Maces & Flails
   219 | D:1      | Reached XP level 2. HP: 28/32 MP: 2/2
   243 | D:1      | Reached skill level 2 in Maces & Flails
   564 | D:2      | Found a sparkling altar of Nemelex Xobeh.
   627 | D:2      | Reached skill level 3 in Maces & Flails
   650 | D:2      | HP: 1/32 [poisoned by an adder]
   992 | D:2      | Reached XP level 3. HP: 39/39 MP: 3/3
  1331 | D:2      | Noticed Terence
  1343 | D:2      | Killed Terence
  1343 | D:2      | Reached skill level 4 in Maces & Flails
  1347 | D:2      | Reached XP level 4. HP: 33/48 MP: 4/4
  1476 | D:2      | Found an oddly glowing altar of Pakellas.
  1476 | D:2      | Noticed a wolf spider
  1496 | D:2      | Killed a wolf spider
  1500 | D:2      | Noticed a primal stingfire beast
  1525 | D:2      | Found a stormy altar of Qazlal.
  1525 | D:2      | Found a radiant altar of Vehumet.
  1672 | D:2      | Noticed Sigmund
  1696 | D:2      | Killed Sigmund
  1696 | D:2      | Reached skill level 7 in Maces & Flails
  1696 | D:2      | Reached XP level 5. HP: 5/54 MP: 5/5
  1696 | D:2      | Reached XP level 6. HP: 6/62 MP: 6/6
  2086 | D:2      | Became a worshipper of Qazlal Stormbringer
  2248 | D:3      | Found a burning altar of Makhleb.
  2253 | D:3      | Found a glowing silver altar of Zin.
  2253 | D:3      | Noticed an angel
  2254 | D:3      | Noticed a cacodemon
  2535 | D:3      | Found a basalt altar of Yredelemnul.
  2872 | D:4      | Noticed tyrsky's ghost (weakling TeAE)
  2872 | D:4      | Reached skill level 8 in Maces & Flails
  3271 | D:5      | Entered Level 5 of the Dungeon
  3276 | D:5      | Demolished by an ogre

Vault maps used:
D:1:      tarquinn_simple_flora_water_a, minmay_misc_feat_room
D:2:      gammafunk_temple_overflow_wave, nemelex_xobeh_ov_fountains_minmay,
          gammafunk_pakellas_its_alive, uniq_sigmund, uniq_terence
D:3:      grunt_temple_overflow_order_and_chaos_2, minivault_26,
          yredelemnul_altar_generic
D:4:      serial_shops, nicolae_shop_behind_doors, first_bread

Skill      XL: |  1  2  3  4  5  6 |
---------------+-------------------+-----
Maces & Flails | 1 3 4 7 8 |  8.6
Fighting       | |  4.0
Axes           | |  1.3
Bows           | |  1.3
Throwing       | |  2.0
Dodging        | |  1.0

Action                   |  1- 3 |  4- 6 || total
-------------------------+-------+-------++-------
Melee: Club              |    62 |    24 ||    86
       Mace              |       |    69 ||    69
       Flail             |       |    17 ||    17
 Fire: Shortbow          |     9 |       ||     9
Throw: Javelin           |    20 |    32 ||    52
  Use: Potion            |       |     4 ||     4
       Scroll            |       |     4 ||     4
 Stab: Sleeping          |       |     4 ||     4
  Eat: Chunk             |     1 |     3 ||     4
       Beef jerky        |       |     2 ||     2
       Royal jelly       |       |     1 ||     1
Armor: Robe              |    45 |    47 ||    92
Dodge: Dodged            |    54 |    56 ||   110
